 Seeded DCSS version 0.29-a0-1009-g60c99734e7 (webtiles) character file.

Game seed: 1 (custom seed)

5031 Kazon the Basher (level 10, -12/60 HPs)
             Began as a Gargoyle Fighter on Aug 8, 2022.
             Mangled by an ice devil (13 damage)
             ... summoned by an orc high priest
             ... in a bailey.
             The game lasted 00:35:08 (7584 turns).

Kazon the Basher (Gargoyle Fighter)                 Turns: 7584, Time: 00:35:09

Health: -12/60     AC: 18    Str: 31    XL:     10   Next: 55%
Magic:  10/10      EV: 10    Int:  9    God:
Gold:   353        SH:  5    Dex: 13    Spells: 9/9 levels left

rFire   . . .      SeeInvis +   f - +0 war axe (flame)
rCold   . . .      Faith    .   c - +0 buckler
rNeg    + . .      Spirit   .   M - +1 scale mail of Love and Death {Str+5 Slay+3}
rPois   ∞          Reflect  .   (no helmet)
rElec   +          Harm     .   L - +1 cloak
rCorr   .          Rampage  .   (no gloves)
Will    .....                   (no boots)
Stlth   +.........              (no amulet)
HPRegen 0.20/turn               t - ring of see invisible
MPRegen 0.12/turn               x - +6 ring of strength

@: mighty
A: sickness immunity, AC +7, negative energy resistance 1, electricity
resistance, torment resistance 1, petrification resistance
a: no special abilities


You were in a bailey.
You visited 1 branch of the dungeon, and saw 8 of its levels.
You also visited: Bailey.

You collected 353 gold pieces.

Inventory:

Hand Weapons
 f - a +0 war axe of flaming (weapon)
 m - a +1 vorpal flail
 J - a +2 trident of venom
 N - a +0 broad axe
Missiles
 b - 39 poisoned darts
 o - 8 boomerangs
 r - 11 stones
 H - a curare-tipped dart (quivered)
Armour
 c - a +0 buckler (worn)
 k - a +0 plate armour
 L - a +1 cloak (worn)
 M - the +1 scale mail of Love and Death (worn) {Str+5 Slay+3}
   (You acquired it in a bailey)

   Str:       It affects your strength (+5).
   Slay:      It affects your accuracy & damage with ranged weapons and melee
   (+3).
Jewellery
 t - a ring of see invisible (left hand)
 x - a +6 ring of strength (right hand)
 G - a ring of positive energy
 K - a ring of ice
Wands
 B - a wand of flame (13)
 C - a wand of paralysis (28)
Scrolls
 a - 2 scrolls of blinking
 h - a scroll of magic mapping {unknown}
 i - a scroll of identify
 l - a scroll of torment {unknown}
 p - a scroll of enchant weapon {unknown}
 u - 3 scrolls of poison {unknown}
 y - 2 scrolls of teleportation {unknown}
 E - a scroll of vulnerability {unknown}
 F - 2 scrolls of noise {unknown}
 I - a scroll of silence {unknown}
Potions
 e - a potion of mutation
 g - 4 potions of curing
 n - a potion of berserk rage
 q - a potion of invisibility
 s - 2 potions of brilliance {unknown}
 v - 3 potions of flight {unknown}
 w - 3 potions of cancellation {unknown}
 z - 3 potions of degeneration {unknown}
 A - 4 potions of haste {unknown}
 D - a potion of resistance


   Skills:
 * Level 6.2 Fighting
 + Level 3.0(5.7) Axes
 + Level 8.3(8.6) Maces & Flails
 + Level 4.3 Throwing
 + Level 7.6 Armour
 + Level 1.1 Dodging
 + Level 3.0 Stealth
 + Level 5.9 Shields
 * Level 5.3 Evocations


You had 9 spell levels left.
You didn't know any spells.
Your spell library contained the following spells:

 Spells                   Type           Power      Damage    Failure   Level
 Apportation              Tloc           0%         N/A       67%         1
 Magic Dart               Conj           0%         1d3       67%         1
 Necrotise                Necr           0%         1d4       67%         1
 Summon Small Mammal      Summ           0%         N/A       67%         1
 Searing Ray              Conj           0%         2d4       82%         2
 Conjure Flame            Conj/Fire      0%         6-21      96%         3
 Ignite Poison            Fire/Tmut/Pois 0%         N/A       96%         3
 Fulminant Prism          Conj/Hex       0%         3d6       100%        4
 Sticky Flame             Conj/Fire      0%         2d3       100%        4
 Summon Lightning Spire   Summ/Air       0%         N/A       100%        4
 Storm Form               Tmut/Air       0%         N/A       100%        7
 Maxwell's Capacitive Co  Air            0%         ∞         100%        8


Dungeon Overview and Level Annotations

Branches:
Dungeon (8/15)             Bailey (1/1)
 Temple: D:4-7         Lair: D:8-11

Altars:
Hepliaklqana

Shops:
D:2 [   D:3 :

Annotations:
D:5 3 runed translucent doors, flotson's ghost, weakling DsDe


Innate Abilities, Weirdness & Mutations

You are immune to sickness and miasma.
Your stone body is resilient. (AC +7)
You are immune to poison.
You resist negative energy. (rN+)
You are resistant to electric shocks. (rElec)
You are resistant to unholy torment.
You are immune to petrification.


Message History

The orc high priest is no longer moving slowly.
The sixfirhy barely misses you.
The red devil hits you but does no damage.
You slash the sixfirhy! You burn the sixfirhy.
You kill the sixfirhy!
The sixfirhy disappears in a puff of smoke!
You carefully extract the barbed spikes from your body.
The red devil barely misses you. The ice devil closely misses you.
You barely miss the ice devil.
The red devil hits you but does no damage.
The ice devil barely misses you.
The red devil hits you from afar with a +0 trident!
* * * LOW HITPOINT WARNING * * *
Barbed spikes become lodged in your body.
You feel much better. You block the ice devil's attack.
The red devil barely misses you.
You hit the ice devil. You burn the ice devil.
The ice devil is moderately wounded.
The red devil disappears in a puff of smoke!
The ice devil hits you but does no damage.
You hit the ice devil. You burn the ice devil.
The ice devil is moderately wounded.
The ice devil hits you. The ice devil freezes you!!
* * * LOW HITPOINT WARNING * * *
You hit the ice devil but do no damage.
The ice devil is moderately wounded.
You block the ice devil's attack. x2
You feel much better.
You carefully extract the barbed spikes from your body.
The ice devil closely misses you.
You closely miss the ice devil.
The ice devil is moderately wounded.
The ice devil hits you! The ice devil freezes you!!
* * * LOW HITPOINT WARNING * * *
You closely miss the ice devil.
The ice devil is moderately wounded.
The ice devil hits you.
* * * LOW HITPOINT WARNING * * *
The ice devil freezes you!
You die...

≈≈≈≈≈≈#.'..))....∩........'.# ≈≈≈
≈≈≈≈≈≈###..######.######..###≈≈≈≈
≈≈≈≈≈≈#....#...#...# #....#≈≈≈≈
≈≈≈≈≈≈#..[)#...#...# #....#≈≈≈≈
≈≈≈≈≈≈#'#'##+###8.8# ##'#'#≈≈≈≈
≈≈≈≈≈≈†.#[)# #...# #..#.~≈≈≈≈
≈≈≈≈≈≈~.#..# #8.8# #..#.~≈≈≈≈
≈≈≈≈≈≈~.#..# #...# #..#.~≈≈≈≈
≈≈≈≈≈≈~.#..# #@..# #..#.~≈≈≈≈
≈≈≈≈≈≈~.#)[# ##4## #..#.~≈≈≈≈
≈≈≈≈≈≈~.##'# §... #'##.~≈≈≈≈
≈≈≈≈≈≈~.#))# ..o.... #))#.~≈≈≈≈
≈≈≈≈≈≈~.#.8# .........#8.#.~≈≈≈≈
≈≈≈≈≈≈~.#..# ..........#..#.~≈≈≈≈
≈≈≈≈≈≈~.#.8#############8.#.~≈≈≈≈
≈≈≈≈≈≈~.#.....#######.....#.~≈≈≈≈
≈≈≈≈≈≈~.#.8...#.....#...8.#.~≈≈≈≈


You could see an orc high priest and an ice devil (summoned).

Vanquished Creatures
  Pikel (D:8)
  An orc knight (Bailey)
  Maggie (D:8)
  A kobold demonologist (Bailey)
  Duvessa (D:5)
  4 ice beasts
  9 orc warriors (Bailey)
  2 black bears (D:6)
  An ogre (D:6)
  A centaur (D:5)
  3 kobold brigands
  2 bullfrogs (D:7)
  A scorpion (D:6)
  3 necrophages
  4 wights (D:6)
  Dowan (D:5)
  5 killer bees (D:7)
  An electric eel (Bailey)
  A howler monkey (D:7)
  2 hounds (D:6)
  4 jellies
  An orc priest (D:3)
  Terence (D:2)
  4 iguanas
  2 orc wizards
  16 gnolls
  11 adders
  A shadow imp (D:6)
  3 white imps (D:6)
  4 worms
  3 dart slugs
  28 orcs
  8 ball pythons
  6 endoplasms
  4 giant cockroaches
  13 goblins
  9 hobgoblins
  14 kobolds
  3 quokkas
  8 bats
  5 rats
193 creatures vanquished.

Vanquished Creatures (others)
  3 fungi (D:5)
  A plant (D:5)
4 creatures vanquished.

Grand Total: 197 creatures vanquished

Notes
Turn   | Place    | Note
-------+----------+-------------------------------------------
     0 | D:1      | Kazon the Gargoyle Fighter began the quest for the Orb.
     0 | D:1      | Reached XP level 1. HP: 14/14 MP: 1/1
   138 | D:1      | Reached XP level 2. HP: 14/19 MP: 2/2
   437 | D:1      | Reached XP level 3. HP: 23/23 MP: 3/3
   539 | D:1      | Found a faded altar of an unknown god.
   829 | D:2      | Found Bailloare's Armour Boutique.
  1201 | D:2      | You fall into a shaft and drop 1 floor!
  1217 | D:3      | Reached XP level 4. HP: 29/29 MP: 4/4
  1260 | D:3      | Reached skill level 3 in Maces & Flails
  1408 | D:2      | Noticed Terence
  1418 | D:2      | Killed Terence
  1976 | D:3      | Reached XP level 5. HP: 32/33 MP: 5/5
  2205 | D:3      | Found Gonify's Book Shop.
  2223 | D:3      | Reached skill level 4 in Maces & Flails
  2364 | D:3      | Reached XP level 6. HP: 10/38 MP: 6/6
  3056 | D:4      | Found a hazy altar of Hepliaklqana.
  3141 | D:4      | Reached skill level 1 in Throwing
  3245 | D:4      | Reached skill level 5 in Maces & Flails
  3397 | D:5      | Entered Level 5 of the Dungeon
  3406 | D:5      | Found a runed translucent gate.
  3421 | D:5      | Reached XP level 7. HP: 27/43 MP: 7/7
  3473 | D:5      | Reached skill level 1 in Evocations
  3502 | D:5      | Reached skill level 5 in Armour
  3696 | D:5      | Noticed Duvessa
  3702 | D:5      | Noticed Dowan
  3713 | D:5      | Killed Duvessa
  3723 | D:5      | Killed Dowan
  3724 | D:5      | Reached XP level 8. HP: 28/48 MP: 8/8
  3879 | D:5      | Found a runed translucent gate.
  3880 | D:5      | Noticed flotson's ghost (weakling DsDe)
  3881 | D:5      | Found a runed translucent gate.
  4325 | D:6      | Reached skill level 6 in Maces & Flails
  4778 | D:6      | Reached skill level 1 in Dodging
  4861 | D:6      | Reached skill level 7 in Maces & Flails
  5162 | D:6      | Reached skill level 5 in Fighting
  5241 | D:6      | Reached XP level 9. HP: 54/54 MP: 9/9
  5984 | D:8      | Noticed Pikel
  5984 | D:8      | Noticed Maggie
  5994 | D:8      | Killed Pikel
  5995 | D:8      | Reached skill level 8 in Maces & Flails
  5995 | D:8      | Reached skill level 5 in Shields
  6001 | D:8      | Killed Maggie
  6002 | D:8      | Reached skill level 1 in Stealth
  6089 | D:8      | Reached XP level 10. HP: 25/60 MP: 10/10
  6155 | D:8      | Found a flagged portal.
  6162 | Bailey   | Entered a bailey
  6453 | Bailey   | Reached skill level 1 in Axes
  6726 | Bailey   | HP: 3/60 [orc warrior/+0 war axe (11)]
  7069 | Bailey   | Noticed an orc knight
  7082 | Bailey   | Killed an orc knight
  7083 | Bailey   | Reached skill level 5 in Evocations
  7091 | Bailey   | Acquired the +1 scale mail of Love and Death {Str+5 Slay+3}
  7172 | Bailey   | Noticed a kobold demonologist
  7176 | Bailey   | Noticed a smoke demon
  7182 | Bailey   | Killed a kobold demonologist
  7555 | Bailey   | Found an iron altar of Okawaru.
  7555 | Bailey   | Noticed an orc high priest
  7565 | Bailey   | Noticed a sixfirhy
  7584 | Bailey   | HP: 1/60 [ice devil[an orc high priest] (4)]
  7584 | Bailey   | Mangled by an ice devil

Illustrated notes

Levels and vault maps discovered:
D:1:      dpeg_arrival_three_smaller_balls, layout_basic,
          shapermc_ecumenical_altar_mp_urbaneastern, minmay_tetromino_t4
D:2:      layout_basic, serial_shops, shop_fountains, uniq_terence
D:3:      layout_loops_ring, serial_shops, nicolae_shop_window_shopping,
          dk_noncrumbling_3, dk_noncrumbling_4
D:4:      layout_cave_pools, kennysheep_mini
D:5:      layout_loops_ring, gammafunk_ghost_nasty_kobolds, uniq_duvessa
D:6:      minmay_chambers_of_threes, layout_basic, nrook_mini_backslash
D:7:      layout_basic, nicolae_uskayaw_murder_on_the_dancefloor,
          lemuel_tele_altar, minmay_temple_entry_drinking_statues
D:8:      layout_layer_cave, enter_bailey_1, hangedman_decor_clover_reticule,
          uniq_pikel, uniq_maggie
Bailey:   bailey_axe_of_yendor_kennysheep, bailey

Skill      XL: |  1  2  3  4  5  6  7  8  9 10 |
---------------+-------------------------------+-----
Armour         | 4 5 6 7 |  7.6
Maces & Flails | 3 4 5 7 8 |  8.3
Fighting       | 4 5 6 |  6.2
Throwing       | 1 2 4 |  4.3
Evocations     | 1 3 4 5 |  5.3
Shields        | 4 5 |  5.9
Dodging        | 1 |  1.1
Stealth        | 1 3 |  3.0
Axes           | 3 |  3.0

Action                   |  1- 3 |  4- 6 |  7- 9 | 10-12 || total
-------------------------+-------+-------+-------+-------++-------
Melee: Flail             |    89 |   175 |   232 |       ||   496
       War axe           |       |       |     6 |   146 ||   152
Throw: Dart              |     2 |       |    46 |    11 ||    59
       Stone             |       |    50 |     7 |     7 ||    64
       Boomerang         |       |       |    14 |       ||    14
Evoke: Wand              |       |       |    10 |     2 ||    12
  Use: Potion            |       |     1 |     5 |     5 ||    11
       Scroll            |       |       |     2 |     5 ||     7
 Stab: Paralysed         |       |       |     4 |    11 ||    15
Armor: Scale mail        |    24 |       |       |    27 ||    51
       Plate armour      |    37 |   111 |   189 |    51 ||   388
Dodge: Dodged            |    25 |    59 |   110 |    47 ||   241
Block: Buckler           |    20 |    34 |    64 |    30 ||   148

Table legend: (Time is in decaauts)
 A = Elapsed time spent in this place.
 B = Non-inter-level travel time spent in this place.
 C = Inter-level travel time spent in this place.
 D = Time resting spent in this place.
 E = Time spent auto-exploring this place.
 F = Levels seen in this place.
 G = Mean time per level.
                   A        B        C        D        E       F      G
               +--------+--------+--------+--------+--------+-----+--------+
         Total |   7724 |   7400 |    324 |    896 |   2790 |   9 |  858.2 |
       Dungeon |   6264 |   5940 |    324 |    157 |   2586 |   8 |  783.0 |
        Bailey |   1460 |   1460 |      0 |    739 |    204 |   1 | 1460.0 |
               +--------+--------+--------+--------+--------+-----+--------+

Top non-repeatable levels by time:
     D:6: 1488 daAuts
  Bailey: 1460 daAuts
     D:3: 1248 daAuts
     D:5: 846 daAuts
     D:1: 807 daAuts
     D:2: 791 daAuts
     D:4: 621 daAuts
     D:7: 289 daAuts
     D:8: 170 daAuts
